 Dungeon Crawl Stone Soup version 0.28.0-45-g0d030f2227 (webtiles) character file.

Game seed: 17199768225403311711

158 Labrat the Conjurer (level 4, 0/33 HPs)
             Began as a Demigod Conjurer on Apr 23, 2022.
             Slain by a centaur skeleton (1 damage)
             ... on level 4 of the Dungeon.
             The game lasted 00:04:38 (1231 turns).

Labrat the Conjurer (Demigod Conjurer)              Turns: 1231, Time: 00:04:38

Health: 0/33       AC:  2    Str:  8    XL:     4   Next: 94%
Magic:  1/12       EV: 12    Int: 24    God:
Gold:   63         SH:  0    Dex: 12    Spells: 6/9 levels left

rFire   . . .      SeeInvis .   d - +1 dagger (speed)
rCold   . . .      Faith    .   (no shield)
rNeg    . . .      Spirit   .   a - +0 robe
rPois   .          Reflect  .   (no helmet)
rElec   .          Harm     .   (no cloak)
rCorr   .          Rampage  .   (no gloves)
Will    .....                   (no boots)
Stlth   ++........              (no amulet)
HPRegen 0.11/turn               (no ring)
MPRegen 0.13/turn               (no ring)

@: no status effects
A: high MP 1, forlorn, divine attributes
a: no special abilities


You were on level 4 of the Dungeon.
You visited 1 branch of the dungeon, and saw 3 of its levels.

You collected 63 gold pieces.

Inventory:

Hand Weapons
 d - a +1 dagger of speed (weapon)
Missiles
 f - 5 poisoned darts
Armour
 a - a +0 robe (worn)
Potions
 b - 2 potions of might {unknown}
 c - 3 potions of curing {unknown}
 e - a potion of cancellation {unknown}


   Skills:
 - Level 1.7 Dodging
 - Level 1.7 Stealth
 + Level 3.4 Spellcasting
 + Level 4.9 Conjurations


You had 6 spell levels left.
You knew the following spells:

 Your Spells              Type           Power      Damage    Failure   Level
a - Magic Dart            Conj           100%       1d8       1%          1
b - Searing Ray           Conj           54%        2d6       1%          2

Your spell library contained the following spells:

 Spells                   Type           Power      Damage    Failure   Level
 Dazzling Flash           Conj/Hex       30%        N/A       12%         3
 Tukima's Dance           Hex            4%         N/A       30%         3
 Fulminant Prism          Conj/Hex       7%         3d7       36%         4
 Iskenderun's Mystic Bla  Conj/Tloc      15%        2d5       36%         4
 Animate Armour           Summ/Erth      8%         N/A       71%         4
 Passage of Golubria      Tloc           4%         N/A       71%         4
 Blade Hands              Tmut           2%         N/A       96%         5
 Yara's Violent Unravell  Hex/Tmut       2%         3d3       96%         5
 Iron Shot                Conj/Erth      7%         9d2       99%         6


Dungeon Overview and Level Annotations

Branches:
Dungeon (2/15)

Shops:
D:4 [


Innate Abilities, Weirdness & Mutations

You have an increased reservoir of magic. (+10% MP)
You shall have no god before yourself.
Your divine heritage dramatically boosts your attributes as you level up.


Message History

Unknown command.
The adder bites you. The adder barely misses you.
Casting: Magic Dart (safe; 1% risk of failure)
Confirm with . or Enter, or press ? or * to list all spells.
Aiming: Searing Ray (safe; 2% risk of failure)
Press: ? - help, Shift-Dir - straight line, f/p - adder
Aim: an adder (severely wounded, 66% to hit)
The searing ray hits the adder!
You kill the adder!
The searing ray hits the hound skeleton.
The hound skeleton is lightly damaged. (Press . to maintain the ray.)
The centaur skeleton barely misses you. The centaur skeleton kicks you.
The searing ray hits the hound skeleton.
The hound skeleton is heavily damaged.
The centaur skeleton closely misses you.
The centaur skeleton barely misses you. The hound skeleton closely misses you.
Without enough magic to sustain it, your searing ray dissipates.
The centaur skeleton hits you but does no damage.
The centaur skeleton barely misses you. The hound skeleton bites you.
The centaur skeleton barely misses you. The centaur skeleton kicks you.
The hound skeleton bites you.
* * * LOW HITPOINT WARNING * * *
Unknown command.
The centaur skeleton barely misses you.
The centaur skeleton kicks you but does no damage.
The hound skeleton bites you.
* * * LOW HITPOINT WARNING * * *
The centaur skeleton hits you.
* * * LOW HITPOINT WARNING * * *
The centaur skeleton kicks you but does no damage.
Found Toxill's Armour Boutique.
The centaur skeleton hits you.
* * * LOW HITPOINT WARNING * * *
The centaur skeleton kicks you but does no damage.
The hound skeleton bites you.
* * * LOW HITPOINT WARNING * * *
Unknown command.
The centaur skeleton hits you.
You die...

#....###...#....##........
###......................#
##............#............
........#.....#...........#
........#........#.#....###
.............##..####...#
.............###.# .....#
.........ZZ......##.......
...!......@..........###.#
................#....
.......♣........#
###..##.....#.. .♣∩
...#..### # #. .###.## . ..
.# ..


You could see a hound skeleton and a centaur skeleton.

Vanquished Creatures
  Menkaure (D:4)
  An adder (D:4)
  A dart slug (D:1)
  A ball python (D:1)
  A bat (D:1)
  2 endoplasms (D:1)
  A giant cockroach (D:1)
  6 goblins (D:1)
  3 hobgoblins (D:1)
  2 quokkas (D:1)
  3 frilled lizards (D:1)
  5 kobolds
  A rat (D:1)
28 creatures vanquished.

Notes
Turn   | Place    | Note
-------+----------+-------------------------------------------
     0 | D:1      | Labrat the Demigod Conjurer began the quest for the Orb.
     0 | D:1      | Reached XP level 1. HP: 14/14 MP: 5/5
   382 | D:1      | Reached XP level 2. HP: 20/20 MP: 4/7
   386 | D:1      | Learned a level 2 spell: Searing Ray
   522 | D:1      | Reached skill level 4 in Conjurations
  1150 | D:2      | You fall into a shaft and drop 2 floors!
  1158 | D:4      | Noticed Menkaure
  1176 | D:4      | Killed Menkaure
  1177 | D:4      | Reached XP level 3. HP: 15/26 MP: 0/10
  1177 | D:4      | Reached XP level 4. HP: 19/33 MP: 0/11
  1228 | D:4      | Found Toxill's Armour Boutique.
  1228 | D:4      | HP: 1/33 [hound skeleton (2)]
  1231 | D:4      | Slain by a centaur skeleton

Illustrated notes

Levels and vault maps discovered:
D:1:      eino_arrival_water_star, layout_loops_ring,
          hellmonk_ecumenical_altar_heavens_door
D:2:      layout_rooms
D:4:      layout_cave_pools, serial_shops, nicolae_shop_trees,
          gup_ossuary_entry_pyramid, uniq_menkaure

Skill      XL: |  1  2 |
---------------+-------+-----
Spellcasting   | 2 3 |  3.4
Conjurations   | 4 |  4.9
Dodging        | |  1.7
Stealth        | |  1.7

Action                   |  1- 3 |  4- 6 || total
-------------------------+-------+-------++-------
Melee: Dagger            |       |     3 ||     3
 Cast: Magic Dart        |    50 |     3 ||    53
       Searing Ray       |     3 |     1 ||     4
Armor: Robe              |       |     4 ||     4
Dodge: Dodged            |     1 |    14 ||    15
